 Dungeon Crawl Stone Soup version 0.24.0-123-gd5b16e6ec5 (webtiles) character file.

Game seed: 13948044945669810175, levelgen mode: deterministic

445 Curus the Twirler (level 7, -12/40 HPs)
             Began as a Gargoyle Gladiator on Jan 8, 2020.
             Was an Initiate of Trog.
             Mangled by an ogre
             ... wielding a +0 giant spiked club
              (34 damage)
             ... on level 5 of the Dungeon.
             The game lasted 00:12:00 (3235 turns).

Curus the Twirler (Gargoyle Gladiator)              Turns: 3235, Time: 00:12:01

Health: -12/40     AC: 15    Str: 17    XL:     7   Next: 3%
Magic:  7/7        EV:  5    Int:  9    God:    Trog [......]
Gold:   163        SH:  0    Dex: 13    Spells: 6/6 levels left

rFire    . . .     SeeInvis .   t - +2 quarterstaff (chaos)
rCold    . . .     Gourm    .   (shield currently unavailable)
rNeg     + . .     Faith    .   l - +0 plate armour
rPois    ∞         Spirit   .   c - +0 helmet
rElec    +         Reflect  .   h - scarf {repulsion}
rCorr    .         Harm     .   (no gloves)
MR       .....     Clarity  +   (no boots)
Stlth    ..........             (no amulet)
HPRegen  0.13/turn              (no ring)
MPRegen  0.10/turn              (no ring)

@: repel missiles
A: hooves 1, clarity, negative energy resistance 1, electricity resistance,
unbreathing, petrification resistance, rot immunity, AC +4
a: Renounce Religion


You were on level 5 of the Dungeon.
You worshipped Trog.
Trog was noncommittal.
You were not hungry.

You visited 2 branches of the dungeon, and saw 6 of its levels.

You collected 163 gold pieces.

Inventory:

Hand Weapons
 a - a +0 quarterstaff
 t - a +2 quarterstaff of chaos (weapon)
Missiles
 d - 3 throwing nets (quivered)
Armour
 b - a +0 leather armour
 c - a +0 helmet (worn)
 e - a +0 ring mail
 h - a scarf of repulsion (worn)
 j - a +0 chain mail
 l - a +0 plate armour (worn)
 u - a +0 cloak
Wands
 p - a wand of digging (6)
Scrolls
 g - 4 scrolls of remove curse
 i - a scroll of fear
 m - a scroll of blinking
 n - 3 scrolls of teleportation
 o - 3 scrolls of identify
Potions
 k - 3 potions of heal wounds
 q - a potion of resistance
 r - a potion of curing
Comestibles
 f - 6 rations
 s - 2 chunks of flesh


   Skills:
 - Level 2.1 Fighting
 + Level 7.7 Staves
 - Level 1.7 Throwing
 - Level 2.4 Dodging


You had 6 spell levels left.
You didn't know any spells.
Your spell library was empty.

Dungeon Overview and Level Annotations

Branches:
Dungeon (5/15)             Temple (1/1) D:4

Altars:
Ashenzari
Elyvilon
Kikubaaqudgha
Sif Muna
Trog
Vehumet
Xom
Zin
The Shining One

Shops:
D:4 }


Innate Abilities, Weirdness & Mutations

You are resistant to torment.
Your stone body is resilient. (AC +4)
You are immune to poison.
You resist negative energy. (rN+)
You are resistant to electric shocks. (rElec)
You can survive without breathing.
You are immune to petrification.
You are immune to rotting.
You have large cloven feet.
You possess an exceptional clarity of mind.


Message History

The ogre is severely wounded.
A leopard gecko zombie comes into view.
The ogre barely misses you.
You sock the ogre!
You kill the ogre!
Trog accepts your kill.
You have reached level 7!
You hit the ogre. You kick the ogre, but do no damage.
The ogre is lightly wounded.
The ogre hits you with a +0 giant spiked club!
You sock the ogre!
The ogre goes berserk!
Your kick misses the ogre.
The ogre is heavily wounded.
You hit the ogre. You burn the ogre. Your kick misses the ogre.
The ogre is heavily wounded.
The ogre hits you with a +0 giant spiked club.
You hit the ogre.
The ogre is poisoned.
The floor vibrates.
You kick the ogre.
The ogre is severely wounded.
The ogre hits you with a +0 giant spiked club!!
Ouch! That really hurt!
You die...

...## #...#. ..#.#
....#.###.#.#
.<..#.......#
...<#.......#
............#
.##.#.###.#.############
.##.#.# #...............
......###.#.....@O......
#............≈≈.≈≈......
#....#######.≈#+#≈......
#....# ##≈# ≈......
#....# #≈# ≈......
#....# #≈≈ ≈.#####
#....# ###. $.# #....#
##### ######


You could see an ogre (berserk).

Vanquished Creatures
  An ogre (D:5)
  The ghost of Andrea the Slasher, an amateur HuFi (D:3)
  Crazy Yiuf (D:4)
  An orc wizard (D:5)
  Terence (D:2)
  An iguana (D:3)
  6 adders
  4 gnolls (D:3)
  2 worms
  2 dart slugs
  A leopard gecko (D:3)
  2 orcs (D:5)
  6 giant cockroaches
  5 goblins
  10 hobgoblins
  2 jackals (D:2)
  8 kobolds
  2 quokkas (D:3)
  8 bats
  5 frilled lizards
  A jackal zombie (D:5)
  A quokka skeleton (D:4)
  5 rats
76 creatures vanquished.

Notes
Turn   | Place    | Note
-------+----------+-------------------------------------------
     0 | D:1      | Curus the Gargoyle Gladiator began the quest for the Orb.
     0 | D:1      | Reached XP level 1. HP: 12/12 MP: 1/1
     3 | D:1      | Gained mutation: You possess an exceptional clarity of
                  | mind. [potion of mutation]
     3 | D:1      | Gained mutation: You have large cloven feet. [potion of
                  | mutation]
   112 | D:1      | Reached XP level 2. HP: 17/17 MP: 2/2
   720 | D:2      | Reached skill level 4 in Staves
   736 | D:2      | Reached XP level 3. HP: 16/21 MP: 3/3
   776 | D:2      | Noticed Terence
   782 | D:2      | Killed Terence
   782 | D:2      | Reached XP level 4. HP: 26/26 MP: 4/4
  1029 | D:2      | Reached skill level 5 in Staves
  1352 | D:3      | Found a runed translucent door.
  1420 | D:3      | Reached XP level 5. HP: 23/30 MP: 5/5
  1451 | D:3      | Noticed Andrea's ghost (amateur HuFi)
  1594 | D:3      | Found a shimmering blue altar of Sif Muna.
  1596 | D:3      | Reached skill level 6 in Staves
  1982 | D:3      | Killed Andrea's ghost
  1982 | D:3      | Reached XP level 6. HP: 15/35 MP: 6/6
  2191 | D:4      | Found a staircase to the Ecumenical Temple.
  2200 | Temple   | Entered the Ecumenical Temple
  2223 | Temple   | Became a worshipper of Trog the Wrathful
  2653 | D:4      | Found Lydyar's Gadget Boutique.
  2973 | D:4      | Reached skill level 7 in Staves
  2989 | D:4      | Found a runed translucent door.
  2990 | D:4      | Noticed Crazy Yiuf
  3127 | D:4      | Killed Crazy Yiuf
  3160 | D:5      | Entered Level 5 of the Dungeon
  3230 | D:5      | Reached XP level 7. HP: 40/40 MP: 7/7
  3235 | D:5      | Mangled by an ogre

Levels and vault maps discovered:
D:1:      dpeg_arrival_short_road, layout_basic, chequers_big_river
D:2:      layout_loops_ring, uniq_terence
D:3:      layout_loops_ring, lemuel_round_altar, hellmonk_ghost_happy_afterlife
D:4:      layout_loops_corners, minmay_temple_entry_gardened_gates,
          serial_shops, nicolae_shop_crystal, uniq_crazy_yiuf_cottage
D:5:      layout_basic, serial_shops, kennysheep_mini_moat, first_ration,
          trog_book
Temple:   eino_temple_scatter_basement

Skill      XL: |  1  2  3  4  5  6 |
---------------+-------------------+-----
Staves         | 4 5 6 7 |  7.7
Fighting       | |  2.1
Throwing       | |  1.7
Dodging        | |  2.4

Action                   |  1- 3 |  4- 6 |  7- 9 || total
-------------------------+-------+-------+-------++-------
Melee: Quarterstaff      |    72 |   189 |     4 ||   265
       Kick              |    10 |    36 |     2 ||    48
  Use: Scroll            |     5 |     3 |       ||     8
       Potion            |     2 |     5 |       ||     7
  Eat: Chunk             |       |     8 |       ||     8
Armor: Leather armour    |    11 |       |       ||    11
       Ring mail         |    30 |     1 |       ||    31
       Plate armour      |       |    92 |       ||    92
       Chain mail        |       |    13 |       ||    13
Dodge: Dodged            |    53 |    53 |       ||   106
       Deflected         |       |     5 |       ||     5
